 Dungeon Crawl Stone Soup version 0.30-a0-1018-g25214051b3 (webtiles) character file.

Game seed: 16867001215313960750

303 greenreed the Conjurer (level 6, -10/32 HPs)
             Began as a Deep Elf Conjurer on Apr 7, 2023.
             Mangled by a kobold brigand
             ... wielding a +1 dagger of chaos
              (14 damage)
             ... on level 3 of the Dungeon.
             The game lasted 00:07:16 (3697 turns).

greenreed the Conjurer (Deep Elf Conjurer)          Turns: 3697, Time: 00:07:16

Health: -10/32     AC:  5    Str:  6    XL:     6   Next: 15%
Magic:  11/16      EV: 13    Int: 23    God:
Gold:   128        SH:  0    Dex: 13    Spells: 13/16 levels left

rFire   . . .      SeeInvis .    (no weapon)
rCold   . . .      Faith    .    (no shield)
rNeg    . . .      Spirit   .    a - +0 robe
rPois   .          Reflect  .    q - +2 hat
rElec   .          Rampage  .    (no cloak)
rCorr   .                        (no gloves)
Will    .....                    u - +0 pair of boots
Stlth   +++                      (no amulet)
HPRegen 0.25/turn                (no ring)
MPRegen 0.15/turn                (no ring)

@: no status effects
A: no striking features
a: no special abilities


You were on level 3 of the Dungeon.
You visited 1 branch of the dungeon, and saw 3 of its levels.
You also visited: Sewer.

You collected 128 gold pieces.

Inventory:

Hand Weapons
 l - the +9 quarterstaff of the Mushroom {antimagic, Contam rC++ Will+++}
   (You found it on level 2 of the Dungeon)

   rC:        It greatly protects you from cold.
   Contam:    It causes magical contamination when unequipped.
   Will:      It greatly increases your willpower.
 s - a +2 trident of venom
Armour
 a - a +0 robe (worn)
 q - a +2 hat (worn)
 u - a +0 pair of boots (worn)
Magical Staves
 w - a staff of air
Jewellery
 m - an amulet of faith
 x - an amulet of regeneration
 y - a ring of magical power
Scrolls
 c - 4 scrolls of noise {unknown}
 d - 3 scrolls of teleportation {unknown}
 e - 5 scrolls of identify {unknown}
 f - a scroll of fear {unknown}
 h - a scroll of enchant weapon {unknown}
 j - a scroll of acquirement {unknown}
 n - a scroll of butterflies {unknown}
 p - a scroll of silence {unknown}
 r - a scroll of enchant armour {unknown}
 v - a scroll of immolation {unknown}
Potions
 b - a potion of magic
 g - 6 potions of curing {unknown}
 i - a potion of degeneration {unknown}
 k - a potion of attraction {unknown}
 o - a potion of haste {unknown}
 t - 2 potions of brilliance {unknown}
 z - a potion of might {unknown}


   Skills:
 + Level 3.8 Dodging
 + Level 4.2 Stealth
 * Level 5.5 Spellcasting
 * Level 5.8 Conjurations


You had 13 spell levels left.
You knew the following spells:

 Your Spells              Type           Power      Damage    Failure   Level
a - Magic Dart            Conj           100%       1d8       1%          1
b - Searing Ray           Conj           66%        2d6       1%          2

Your spell library contained the following spells:

 Spells                   Type           Power      Damage    Failure   Level
 Dazzling Flash           Conj/Hex       38%        N/A       8%          3
 Sublimation of Blood     Necr           6%         N/A       14%         2
 Wereblood                Tmut           6%         N/A       14%         2
 Fulminant Prism          Conj/Hex       9%         3d7       26%         4
 Iskenderun's Mystic Bla  Conj/Tloc      19%        2d6       26%         4
 Summon Hydra             Summ           3%         N/A       100%        7


Dungeon Overview and Level Annotations

Branches:
Dungeon (3/15)              Sewer (visited)

Altars:

Annotations:
D:3 ThatPearl's ghost, weakling HOMo


Message History

The searing ray misses the kobold. x2
The searing ray hits the kobold brigand.
The kobold brigand is lightly wounded.
The searing ray hits the kobold.
You kill the kobold! (Press . to maintain the ray.)
The kobold hits you with a +0 short sword of distortion.
Space warps horribly around you!!
Ouch! That really hurt!
* * * LOW HITPOINT WARNING * * *
The searing ray hits the kobold.
You kill the kobold!
The searing ray hits the kobold brigand.
The kobold brigand is moderately wounded.
The searing ray hits the kobold.
You kill the kobold!
The searing ray misses the kobold.
The searing ray hits the kobold brigand.
The kobold brigand is moderately wounded.
The searing ray hits the kobold.
The kobold is moderately wounded.
The searing ray hits the kobold.
You kill the kobold!
The kobold brigand throws a curare-tipped dart.
The curare-tipped dart closely misses you.
The searing ray hits the kobold brigand!
The kobold brigand is heavily wounded.
The searing ray hits the kobold.
You kill the kobold!
The searing ray hits the kobold!
You kill the kobold!
You finish channelling your searing ray.
ThatPearl's ghost makes a sound of rattling chains.
Unknown command.
The kobold attacks as you move away! The kobold hits you but does no damage.
The kobold brigand attacks as you move away!
The kobold brigand hits you with a +1 dagger of chaos.
* * * LOW HITPOINT WARNING * * *
You are electrocuted!
You die...

#.# #......###..####......
#.# #.##...##..## #.......
#.###.#.......### #.####.#
#.##..#......#..########.#
#.##.##......#.##.8.##....
#.##...........#.....##.##
#.##..##.##....'.###.$#.#
#.#....#.###K).'...../#.#
#.#.#....@K.W).'.###W.###
#.#...##K####..#.....#
##.#..###.......##.8.###
#................#####.####
#.##.####.######## #..##.
#.##.# #.# #..#.. #.##.#
#.# #..... #.##.# #.#
#...#. #.##.####.### #.....


You could see a kobold brigand, ThatPearl's ghost and 2 kobolds.

Vanquished Creatures
  Terence (D:2)
  A gnoll (D:1)
  6 adders
  9 river rats (Sewer)
  3 worms (D:3)
  4 dart slugs
  5 orcs (D:3)
  10 ball pythons
  6 bats
  9 endoplasms
  2 giant cockroaches
  11 goblins
  4 hobgoblins
  4 jackals (D:1)
  7 quokkas
  11 frilled lizards
  16 kobolds
  11 rats
120 creatures vanquished.

Vanquished Creatures (others)
  6 fungi
  7 plants
13 creatures vanquished.

Grand Total: 133 creatures vanquished

Notes
Turn   | Place    | Note
-------+----------+-------------------------------------------
     0 | D:1      | greenreed the Deep Elf Conjurer began the quest for the
                  | Orb.
     0 | D:1      | Reached XP level 1. HP: 10/10 MP: 6/6
   206 | D:1      | Reached XP level 2. HP: 10/15 MP: 1/8
   445 | D:1      | Learned a level 2 spell: Searing Ray
   610 | D:1      | Reached XP level 3. HP: 19/19 MP: 8/10
  1250 | D:2      | Noticed Terence
  1258 | D:2      | Killed Terence
  1259 | D:2      | Reached skill level 5 in Conjurations
  1259 | D:2      | Reached XP level 4. HP: 24/24 MP: 3/12
  1459 | D:2      | Identified the +9 quarterstaff of the Mushroom {antimagic,
                  | Contam rC++ Will+++}
  1500 | D:2      | Found a faded altar of an unknown god.
  2023 | D:3      | Found a runed translucent gate.
  2023 | D:3      | Found a runed translucent gate.
  2023 | D:3      | Found a runed translucent gate.
  2023 | D:3      | Noticed ThatPearl's ghost (weakling HOMo)
  2027 | D:3      | Noticed a kobold brigand
  2100 | D:3      | Found a glowing drain.
  2114 | Sewer    | Entered a sewer
  2220 | Sewer    | Reached XP level 5. HP: 28/28 MP: 10/14
  2479 | Sewer    | Reached skill level 5 in Spellcasting
  3257 | D:3      | Reached XP level 6. HP: 32/32 MP: 9/16
  3697 | D:3      | Mangled by a kobold brigand

Illustrated notes

Levels and vault maps discovered:
D:1:      heliophobic_arrival_dark_side_of_the_moon, layout_rooms
D:2:      layout_loops_cross, shapermc_ecumenical_altar_mp_urbaneastern,
          uniq_terence
D:3:      corexii_shack_village, layout_rooms, gammafunk_ghost_nasty_kobolds,
          portal_sewer_entry_f, minmay_pentomino_pile

Skill      XL: |  1  2  3  4  5 |
---------------+----------------+-----
Stealth        | 3 4 |  4.2
Dodging        | 3 |  3.8
Spellcasting   | 4 5 |  5.5
Conjurations   | 5 |  5.8

Action                     |  1- 3 |  4- 6 || total
---------------------------+-------+-------++-------
  Melee: Unarmed           |     1 |     8 ||     9
   Cast: Magic Dart        |    77 |   123 ||   200
         Searing Ray       |     3 |     9 ||    12
 Armour: Robe              |     3 |     6 ||     9
  Dodge: Dodged            |    27 |    22 ||    49

Table legend: (Time is in decaauts)
 A = Elapsed time spent in this place.
 B = Non-inter-level travel time spent in this place.
 C = Inter-level travel time spent in this place.
 D = Time resting spent in this place.
 E = Time spent auto-exploring this place.
 F = Levels seen in this place.
 G = Mean time per level.
                   A        B        C        D        E       F      G
               +--------+--------+--------+--------+--------+-----+--------+
         Total |   3744 |   3658 |     86 |      0 |   3060 |   4 |  936.0 |
       Dungeon |   2949 |   2863 |     86 |      0 |   2382 |   3 |  983.0 |
         Sewer |    795 |    795 |      0 |      0 |    677 |   1 |  795.0 |
               +--------+--------+--------+--------+--------+-----+--------+

Top non-repeatable levels by time:
     D:1: 1158 daAuts
     D:3: 966 daAuts
     D:2: 824 daAuts
   Sewer: 795 daAuts
